 Dungeon Crawl Stone Soup version 0.17-a0-1632-g0af21bd (webtiles) character file.

76554 karlkraus the Bludgeoner (level 15, -2/137 HPs)
             Began as a Minotaur Fighter on Aug 3, 2015.
             Was a Priest of Ru.
             Slain by an azure jelly (42 damage)
             ... on level 2 of the Pits of Slime.
             The game lasted 01:21:27 (19711 turns).

karlkraus the Bludgeoner (Minotaur Fighter)        Turns: 19711, Time: 01:21:27

Health: -2/137     AC: 33    Str: 28    XL:     15   Next: 12%
Magic:  13/13      EV: 14    Int:  5    God:    Ru [***...]
Gold:   1422       SH: 16    Dex: 16    Spells: 0 memorised, 14 levels left

rFire  + . .     SeeInvis .     C - +8 flail (vamp)
rCold  . . .     Clarity  +     R - +1 plate armour
rNeg   . . .     SustAt   .     c - +1 shield
rPois  .         Gourm    .     (helmet restricted)
rElec  .         Spirit   .     w - +1 cloak
rCorr  +         Warding  .     X - +1 pair of gloves
rMut   .         Stasis   .     S - +2 pair of boots
MR     +....                    V - amulet of resist corrosion
Stlth  ..........               P - +4 ring of strength
                                k - +6 ring of dexterity

@: somewhat resistant to hostile enchantments, extremely unstealthy
A: retaliatory headbutt, fangs 1, horns 2, iridescent scales 1, rough black
scales 1, clarity, fire resistance 1, low mp 1, sense surroundings 1, spit
poison 1, weak 1, no device heal 1, no stealth, hated by all, no hexes magic, no
ice magic, no summoning magic, disrupted magic 1
a: Spit Poison, Draw Out Power, Renounce Religion


You were on level 2 of the Pits of Slime.
You worshipped Ru.
Ru was most pleased with you.
You were not hungry.

You visited 4 branches of the dungeon, and saw 23 of its levels.
You also visited: Sewer.

You collected 1422 gold pieces.

Inventory:

Hand weapons
 C - a +8 vampiric flail (weapon)
 N - a +0 flail of draining
 T - a +1 mace of protection
Armour
 c - a +1 shield (worn)
 w - a +1 cloak (worn)
 R - a +1 plate armour (worn)
 S - a +2 pair of boots (worn)
 X - a +1 pair of gloves (worn)
Jewellery
 b - an uncursed amulet of resist mutation
 k - a +6 ring of dexterity (left hand)
 n - an uncursed ring of protection from fire
 o - an uncursed ring of sustain attributes
 P - a +4 ring of strength (right hand)
 V - an amulet of resist corrosion (around neck)
 W - an uncursed ring of see invisible
 Y - an uncursed ring of positive energy
Magical devices
 h - a wand of fireball (10)
 l - a wand of confusion (41)
 x - a wand of flame (31)
 D - a wand of cold (5)
 I - a wand of fire (5)
 J - a wand of teleportation (1)
 L - a wand of flame (22)
 O - a wand of flame (17)
Scrolls
 j - 11 scrolls of remove curse
 m - 6 scrolls of fear
 q - 3 scrolls of recharging
 t - 2 scrolls of teleportation
 A - 2 scrolls of blinking
 F - 4 scrolls of magic mapping
 K - a scroll of amnesia
 M - a scroll of brand weapon
Potions
 a - 4 potions of ambrosia
 d - 2 potions of resistance
 f - a potion of agility
 r - a potion of lignification
 s - 2 potions of might
 u - a potion of haste
 v - 3 potions of heal wounds {unknown}
 z - 3 potions of cancellation
 B - 3 potions of curing
 E - a potion of berserk rage {unknown}
Comestibles
 e - 17 bread rations
 g - 10 meat rations
 p - 10 beef jerkies


   Skills:
 + Level 13.9 Fighting
 + Level 16.5 Maces & Flails
 + Level 12.4 Armour
 + Level 10.5 Dodging
 + Level 16.4 Shields
 + Level 1.2 Evocations


You had 14 spell levels left.
You didn't know any spells.

Dungeon Overview and Level Annotations

Branches:
Dungeon (11/15)            Temple (1/1) D:6            Lair (8/8) D:10
 Shoals (0/4) Lair:5        Snake (0/4) Lair:5        Slime (3/6) Lair:7
    Orc (0/4) D:10

Altars:
Ashenzari
Cheibriados
Dithmenos
Elyvilon
Fedhas
Gozag
Kikubaaqudgha
Makhleb
Nemelex Xobeh
Okawaru
Qazlal
Ru
Sif Muna
Trog
Vehumet
Xom
Yredelemnul
Zin
The Shining One
Jiyva

Shops:
D:10 [


Innate Abilities, Weirdness & Mutations

You reflexively headbutt those who attack you in melee.
You have a pair of horns on your head.
Potions and wands are less effective at restoring your health.
You cannot be stealthy.
You are hated by all.
You cannot study or cast Hexes magic.
You cannot study or cast Ice magic.
You cannot study or cast Summoning magic.
Your casting is slightly disrupted.
You have very sharp teeth.
You are partially covered in iridescent scales (AC +4).
You are partially covered in rough black scales (AC +4, Dex -1).
You possess an exceptional clarity of mind.
Your flesh is heat resistant.
Your magical capacity is low (-10% MP).
You passively map a small area around you.
You can spit weak poison.
You are weak. (Str -2)


Message History

The azure jelly hits you but does no damage.
You block the very large slime creature's attack.
You bludgeon the very large slime creature!!
You headbutt the very large slime creature!
The very large slime creature is severely wounded.
You block the azure jelly's attack. x2
The azure jelly completely misses you.
The azure jelly hits you but does no damage. x3
You block the azure jelly's attack.
The azure jelly hits you but does no damage.
You hammer the very large slime creature like a gong!!!
You feel better.
You headbutt the very large slime creature.
You bite the very large slime creature.
The very large slime creature is almost dead.
A very large slime creature splits.
You block the slime creature's attack. The azure jelly hits you.
* * * LOW HITPOINT WARNING * * *
The azure jelly freezes you!!!
You die...

..^..............##
...........#....#.##
...........#.......#
..................##
........>.......### ###
...#............#### #.##
...............#...##*...#
.................J..# #..##
.............#.J@J.####...#
................JJ.###...#*
............<.......#....#
<.......#.....#..........#
.........#..............##
.......................##
.................#......#
..#............###......#
..........#..#####...#...#


You could see 2 azure jellies, a large slime creature and 2 slime creatures.

Vanquished Creatures
  3 acid blobs
  Kirke (Lair:8)
  An orc warlord (D:10)
  The ghost of mrath the Cleaver, a powerful MiFi of Zin (Lair:2)
  Nessos (Lair:5)
  2 hydras
  2 great orbs of eyes
  Erica (D:8)
  A centaur warrior (D:11)
  6 death yaks (Lair:7)
  Urug (D:10)
  Nergalle (Lair:1)
  An unseen horror (D:11)
  3 hill giants
  Pikel (D:6)
  2 ugly things (D:11)
  A manticore (D:11)
  A cyclops (D:11)
  A shining eye (Slime:2)
  Maurice (D:8)
  A siren (Lair:5)
  7 black mambas
  17 elephants
  An eye of devastation (Slime:3)
  17 spiny frogs
  A gargoyle (D:10)
  6 komodo dragons
  2 fire drakes
  2 spriggan druids (Lair:8)
  A troll (D:10)
  3 polar bears (Lair:8)
  A two-headed ogre (D:11)
  41 slime creatures
  2 trapdoor spider zombies (D:9)
  13 blink frogs
  A boulder beetle (Lair:7)
  4 redbacks (Lair:8)
  Sigmund (D:6)
  A shadow (D:10)
  8 spriggans (Lair:8)
  A human (Lair:8)
  3 wyverns
  7 hippogriffs
  Grum (D:11)
  A basilisk (Lair:6)
  18 yaks
  3 hogs (Lair:8)
  Menkaure (D:6)
  13 water moccasins
  43 wolves
  3 hungry ghosts
  3 nagas (Lair:5)
  12 porcupines
  4 ice beasts
  Duvessa (D:5)
  2 sky beasts
  3 ogres
  A phantom (D:6)
  2 eyes of draining
  2 wasps (Lair:8)
  7 black bears
  A slave (D:6)
  6 orc warriors
  A necrophage (D:10)
  22 crocodiles
  2 big kobolds
  5 centaurs
  Dowan (D:5)
  12 giant frogs
  4 scorpions
  4 killer bees (D:10)
  19 wights
  A giant frog zombie (D:10)
  11 crimson imps
  2 hounds
  11 jellies
  2 centaur skeletons
  4 orc priests
  A centaur zombie (D:11)
  Jessica (D:2)
  5 orc wizards
  3 giant frog skeletons
  10 iguanas
  6 worker ants
  14 sheep
  2 hound zombies
  5 worker ant zombies
  Robin (D:2)
  3 gnolls (D:7)
  86 river rats
  2 shadow imps
  19 adders
  3 adder skeletons
  An adder zombie (D:5)
  2 oozes
  A worm (D:2)
  7 giant geckos
  34 orcs
  15 goblins
  6 hobgoblins
  2 jackals (D:3)
  4 quokkas
  6 ball pythons
  6 bats
  13 giant cockroaches
  A giant gecko zombie (D:7)
  12 giant newts
  16 kobolds
  A quokka skeleton (D:5)
  5 rats
694 creatures vanquished.

Vanquished Creatures (collateral kills)
  An orc knight (D:10)
  A crimson imp (D:10)
2 creatures vanquished.

Vanquished Creatures (others)
  A hydra (Lair:4)
  A komodo dragon (Lair:7)
  A slime creature (Slime:1)
  A spriggan (Lair:8)
  A wolf (Lair:7)
  A hippogriff (Lair:4)
  2 black bears (Lair:8)
  16 fungi
  3 plants (Lair:7)
27 creatures vanquished.

Grand Total: 723 creatures vanquished

Notes
Turn   | Place    | Note
--------------------------------------------------------------
     0 | D:1      | karlkraus the Minotaur Fighter began the quest for the Orb.
     0 | D:1      | Reached XP level 1. HP: 19/19 MP: 0/0
    91 | D:1      | Reached XP level 2. HP: 25/27 MP: 1/1
   111 | D:1      | Reached skill level 4 in Fighting
   602 | D:2      | Noticed Robin
   609 | D:2      | Reached XP level 3. HP: 33/33 MP: 2/2
   616 | D:2      | Killed Robin
   616 | D:2      | Reached skill level 1 in Dodging
   651 | D:2      | Found a white marble altar of Elyvilon.
   795 | D:2      | Noticed Jessica
   801 | D:2      | Killed Jessica
   801 | D:2      | Reached XP level 4. HP: 29/40 MP: 3/3
  1368 | D:3      | Reached XP level 5. HP: 38/47 MP: 4/4
  1615 | D:3      | Noticed a giant frog
  1623 | D:3      | Killed a giant frog
  1623 | D:3      | Reached skill level 5 in Shields
  1951 | D:3      | Found an opulent altar of Gozag.
  2299 | D:4      | Reached XP level 6. HP: 45/55 MP: 5/5
  2485 | D:4      | Noticed an ogre
  2491 | D:4      | Killed an ogre
  2491 | D:4      | Reached skill level 5 in Armour
  2628 | D:5      | Entered Level 5 of the Dungeon
  2637 | D:5      | Reached skill level 5 in Fighting
  2662 | D:5      | Found a glowing golden altar of the Shining One.
  2759 | D:5      | Reached XP level 7. HP: 37/61 MP: 6/6
  2849 | D:5      | Found a shattered altar of Ashenzari.
  2963 | D:5      | Found a glowing drain.
  2967 | Sewer    | Entered a sewer
  3193 | Sewer    | Reached skill level 1 in Stealth
  3193 | Sewer    | Reached skill level 6 in Shields
  3500 | D:5      | Noticed Duvessa
  3515 | D:5      | Killed Duvessa
  3518 | D:5      | Noticed Dowan
  3521 | D:5      | Reached skill level 5 in Maces & Flails
  3526 | D:5      | Killed Dowan
  3526 | D:5      | Reached XP level 8. HP: 66/70 MP: 7/7
  3547 | D:5      | Found a sparkling altar of Nemelex Xobeh.
  3617 | D:5      | Got a brightly glowing ring mail
  3628 | D:5      | Identified the +1 ring mail "Zeduina" {rPois rF+++ MR- Dex+3} (You found it on level 5 of the Dungeon)
  3711 | D:6      | Reached skill level 7 in Shields
  4005 | D:6      | Noticed Sigmund
  4024 | D:6      | Killed Sigmund
  4024 | D:6      | Reached skill level 5 in Dodging
  4075 | D:6      | Reached skill level 8 in Shields
  4161 | D:6      | Noticed Menkaure
  4167 | D:6      | Killed Menkaure
  4167 | D:6      | Reached XP level 9. HP: 36/78 MP: 8/8
  4261 | D:6      | Found a staircase to the Ecumenical Temple.
  4334 | D:6      | Found a shimmering altar of Xom.
  4415 | Temple   | Entered the Ecumenical Temple
  4508 | Temple   | Became a worshipper of Ru the Awakened
  4566 | D:6      | Noticed Pikel
  4575 | D:6      | Killed Pikel
  4575 | D:6      | Reached skill level 9 in Shields
  4743 | D:6      | Gained mutation: Your flesh is heat resistant. [potion of beneficial mutation]
  4744 | D:6      | Gained mutation: You can translocate small distances at will. [potion of beneficial mutation]
  5041 | D:7      | Found a basalt altar of Yredelemnul.
  5571 | D:7      | You fall through a shaft!
  5599 | D:8      | Gained mutation: You cannot be stealthy. [Ru sacrifice]
  5608 | D:8      | Noticed Erica
  5621 | D:8      | Killed Erica
  5621 | D:8      | Reached XP level 10. HP: 85/88 MP: 9/9
  5646 | D:8      | Reached skill level 10 in Shields
  5812 | D:8      | Noticed Maurice
  5823 | D:8      | Killed Maurice
  6235 | D:8      | Upgraded the game from 0.17-a0-1625-g47e540b to 0.17-a0-1632-g0af21bd
  6717 | D:9      | Found a shattered altar of Ashenzari.
  7325 | D:9      | Gained mutation: Potions and wands are less effective at restoring your health. [Ru sacrifice]
  7325 | D:9      | Acquired Ru's first power
  7348 | D:10     | Entered Level 10 of the Dungeon
  7368 | D:10     | Found a staircase to the Lair.
  7464 | D:10     | Noticed a hill giant
  7474 | D:10     | Killed a hill giant
  7708 | D:10     | Reached skill level 10 in Maces & Flails
  7715 | D:10     | Found Zememipy's Antique Armour Boutique.
  7734 | D:10     | Reached XP level 11. HP: 80/95 MP: 10/10
  7746 | D:10     | Found a staircase to the Orcish Mines.
  7777 | D:10     | Reached skill level 11 in Shields
  7807 | D:10     | Noticed Urug
  7820 | D:10     | Killed Urug
  8127 | D:10     | Noticed a hill giant
  8139 | D:10     | Killed a hill giant
  8202 | D:10     | Noticed an orc knight
  8204 | D:10     | Noticed an orc warlord
  8219 | D:10     | Killed an orc knight
  9076 | D:10     | Killed an orc warlord
  9117 | D:10     | Reached skill level 1 in Evocations
  9152 | D:11     | Noticed a centaur warrior
  9154 | D:11     | Noticed Grum
  9155 | D:11     | Noticed a seven-headed hydra
  9174 | D:11     | Reached skill level 12 in Shields
  9183 | D:11     | Killed a centaur warrior
  9201 | D:11     | Reached skill level 10 in Fighting
  9506 | D:11     | Killed Grum
  9518 | D:11     | Reached XP level 12. HP: 106/106 MP: 11/11
  9621 | D:11     | Killed a seven-headed hydra
  9737 | D:11     | Killed an unseen horror
  9822 | D:11     | Gained mutation: You are hated by all. [Ru sacrifice]
  9822 | D:11     | Acquired Ru's second power
  9993 | D:11     | Noticed a hill giant
 10006 | D:11     | Killed a hill giant
 10573 | Lair:1   | Entered Level 1 of the Lair of Beasts
 10862 | Lair:1   | Noticed Nergalle
 10873 | Lair:1   | Killed Nergalle
 10898 | Lair:1   | You fall through a shaft!
 11458 | Lair:2   | Noticed mrath's ghost (powerful MiFi)
 11497 | Lair:2   | Killed mrath's ghost
 11497 | Lair:2   | Reached skill level 10 in Armour
 11542 | Lair:2   | Reached skill level 13 in Shields
 11824 | Lair:2   | Gained mutation: You can spit weak poison. [potion of mutation]
 11824 | Lair:2   | Gained mutation: You are partially covered in rough black scales (AC +4, Dex -1). [potion of mutation]
 11824 | Lair:2   | Gained mutation: Your body sometimes deteriorates upon taking damage. [potion of mutation]
 11825 | Lair:2   | Gained mutation: You are frail (-10% HP). [potion of mutation]
 11825 | Lair:2   | Gained mutation: Your magical capacity is low (-10% MP). [potion of mutation]
 11825 | Lair:2   | Gained mutation: You possess an exceptional clarity of mind. [potion of mutation]
 11826 | Lair:2   | Gained mutation: You are partially covered in iridescent scales (AC +4). [potion of mutation]
 11826 | Lair:2   | Gained mutation: You have very sharp teeth. [potion of mutation]
 11826 | Lair:2   | Gained mutation: You are weak. (Str -2) [potion of mutation]
 12034 | Lair:2   | Gained mutation: You cannot study or cast Ice magic. [Ru sacrifice]
 12034 | Lair:2   | Gained mutation: You cannot study or cast Hexes magic. [Ru sacrifice]
 12034 | Lair:2   | Gained mutation: You cannot study or cast Summoning magic. [Ru sacrifice]
 12034 | Lair:2   | Acquired Ru's third power
 12498 | Lair:3   | Noticed a seven-headed hydra
 12507 | Lair:3   | Killed a seven-headed hydra
 13113 | Lair:4   | Reached XP level 13. HP: 104/104 MP: 11/11
 13311 | Lair:4   | Noticed a seven-headed hydra
 13320 | Lair:4   | Killed a seven-headed hydra
 13418 | Lair:4   | Reached skill level 10 in Dodging
 13965 | Lair:5   | Reached skill level 14 in Shields
 14033 | Lair:5   | Noticed Nessos
 14084 | Lair:5   | Lost mutation: You can translocate small distances at will. [potion of cure mutation]
 14084 | Lair:5   | Lost mutation: Your body sometimes deteriorates upon taking damage. [potion of cure mutation]
 14084 | Lair:5   | Lost mutation: You are frail (-10% HP). [potion of cure mutation]
 14101 | Lair:5   | Killed Nessos
 14375 | Lair:5   | Found a staircase to the Snake Pit.
 14979 | Lair:5   | Found a staircase to the Shoals.
 16518 | Lair:7   | Reached skill level 15 in Shields
 16518 | Lair:7   | Reached XP level 14. HP: 127/127 MP: 12/12
 16549 | Lair:7   | Reached skill level 15 in Maces & Flails
 17131 | Lair:7   | Found a viscous altar of Jiyva.
 17131 | Lair:7   | Found a staircase to the Slime Pits.
 17441 | Lair:8   | Entered Level 8 of the Lair of Beasts
 17441 | Lair:8   | Noticed Kirke
 17464 | Lair:8   | Killed Kirke
 18457 | Slime:1  | Entered Level 1 of the Pits of Slime
 18473 | Slime:1  | Reached skill level 16 in Shields
 18504 | Slime:1  | Gained mutation: Your casting is slightly disrupted. [Ru sacrifice]
 19082 | Slime:2  | Noticed an acid blob
 19087 | Slime:1  | Noticed an acid blob
 19087 | Slime:1  | Noticed an acid blob
 19304 | Slime:2  | Gained mutation: You passively map a small area around you. [a shining eye]
 19349 | Slime:2  | Killed an acid blob
 19349 | Slime:2  | Reached XP level 15. HP: 89/137 MP: 13/13
 19359 | Slime:2  | Killed an acid blob
 19691 | Slime:1  | Noticed an acid blob
 19697 | Slime:1  | Noticed an azure jelly
 19698 | Slime:1  | Noticed an azure jelly
 19704 | Slime:1  | Killed an acid blob
 19711 | Slime:2  | Slain by an azure jelly

Vault maps used:
D:1:      dpeg_arrival_simpleton_c, minmay_misc_feat_doors
D:2:      elyvilon_altar_3, uniq_jessica, uniq_robin
D:3:      nicolae_overflow_hidden_temple, first_bread,
          hangedman_abyss_or_decor_stabs
D:4:      hangedman_abyss_or_decor_passed, minmay_splitting_lines,
          serial_bayou_pond_c
D:5:      lemuel_doored_altar, nicolae_overflow_crystal_walls, nemelex_deck,
          gup_sewer_entry_spiral, uniq_duvessa
D:6:      lemuel_crystal_altar, minmay_temple_entry_statues_fountains,
          uniq_menkaure, uniq_sigmund, uniq_pikel
D:7:      lemuel_round_altar
D:8:      grunt_ogre_cave, uniq_maurice, uniq_erica
D:9:      evilmike_ruin_ashenzari
D:10:     wad_statue_garden, minmay_lair_entry_lava, serial_shops, shop,
          uniq_urug
D:11:     hangedman_cross_stitches, uniq_grum
Temple:   zaba_magenta_temple_12
Lair:1:   uniq_nergalle
Lair:2:   serial_bayou_crossing
Lair:3:   beast_lair_carwin_8
Lair:5:   elwin_shoals_entry_rooms, guppyfry_snake_entry_island,
          grunt_megastairs_2, uniq_nessos
Lair:6:   infiniplex_staircase_pool_2
Lair:7:   dpeg_slime_entry_enclosed_altar
Lair:8:   minmay_lair_end_enchanted_forest, serial_bayou_shore_b, uniq_kirke
Slime:2:  special_room
Sewer:    sewer_frog_island_01

Action                   |  1- 3 |  4- 6 |  7- 9 | 10-12 | 13-15 || total
-------------------------+-------+-------+-------+-------+-------++-------
Melee: Flail             |    83 |   187 |   274 |   781 |  1247 ||  2572
Invok: Sacrifice Stealth |       |       |     1 |       |       ||     1
       Sacrifice Purity  |       |       |       |     1 |       ||     1
       Sacrifice Love    |       |       |       |     1 |       ||     1
       Sacrifice Arcana  |       |       |       |     1 |       ||     1
       Reject Sacrifices |       |       |       |       |     2 ||     2
       Sacrifice Essence |       |       |       |       |     1 ||     1
 Abil: Blink             |       |       |       |       |     1 ||     1
Evoke: Wand              |       |       |       |     8 |       ||     8
       Box of beasts     |       |       |       |     1 |       ||     1
  Use: Potion            |       |     2 |     5 |     7 |     3 ||    17
       Scroll            |       |       |    14 |    22 |    13 ||    49
 Stab: Sleeping          |       |       |     1 |       |       ||     1
       Invisible         |       |       |       |     1 |     4 ||     5
       Distracted        |       |       |       |     1 |     3 ||     4
  Eat: Chunk             |       |     5 |    10 |    23 |    12 ||    50
       Fruit             |       |       |       |     3 |       ||     3
       Pizza             |       |       |       |     1 |       ||     1
       Royal jelly       |       |       |       |       |     2 ||     2
       Beef jerky        |       |       |       |       |     2 ||     2
       Meat ration       |       |       |       |       |     1 ||     1
